 Dungeon Crawl Stone Soup version 0.28.0 (webtiles) character file.

Game seed: 18382315630354522149

279 Acheron the Shooter (level 6, -2/49 HPs)
             Began as a Palentonga Hunter on Feb 18, 2022.
             Was a Believer of Dithmenos.
             Slain by an orc priest (6 damage)
             ... on level 5 of the Dungeon.
             The game lasted 00:13:42 (4686 turns).

Acheron the Shooter (Palentonga Hunter)             Turns: 4686, Time: 00:13:51

Health: -2/49      AC:  6    Str: 15    XL:     6   Next: 5%
Magic:  8/8        EV:  7    Int: 12    God:    Dithmenos [**....]
Gold:   190        SH:  0    Dex: 12    Spells: 7/7 levels left

rFire   . . .      SeeInvis +   l - +1 short sword (protect)
rCold   . . .      Faith    .   (no shield)
rNeg    . . .      Spirit   .   e - +0 scale mail
rPois   .          Reflect  .   (no helmet)
rElec   .          Harm     .   (no cloak)
rCorr   .          Rampage  .   (no gloves)
Will    .....                   (no barding)
Stlth   ..........              (no amulet)
HPRegen 0.16/turn               t - +4 ring of slaying
MPRegen 0.11/turn               (no ring)

@: wreathed by umbra
A: large, rugged brown scales 3, see invisible, deformed body, roll 1, armoured
tail
a: Rolling Charge, Renounce Religion, Shadow Step


You were on level 5 of the Dungeon.
You worshipped Dithmenos.
Dithmenos was pleased with you.
You visited 1 branch of the dungeon, and saw 6 of its levels.

You collected 190 gold pieces.

Inventory:

Hand Weapons
 a - a +1 vorpal shortbow
 l - a +1 short sword of protection (weapon)
 n - a +1 mace of protection
 y - a +0 hand crossbow
Missiles
 d - 35 arrows
 m - 2 boomerangs
 o - 72 stones (quivered)
 p - 3 javelins
Armour
 c - a +0 leather armour
 e - a +0 scale mail (worn)
 q - a +0 ring mail
Jewellery
 f - a ring of ice
 t - a +4 ring of slaying (left hand)
 v - a ring of magical power
Wands
 r - a wand of flame (15)
 x - a wand of digging (7)
 z - a wand of paralysis (5)
Scrolls
 b - a scroll of vulnerability {unknown}
 g - a scroll of immolation {unknown}
 k - 2 scrolls of identify
 A - a scroll of acquirement {unknown}
Potions
 h - 2 potions of cancellation
 j - 3 potions of lignification
 s - 2 potions of flight
 u - a potion of invisibility
 w - a potion of attraction {unknown}


   Skills:
 * Level 2.7 Fighting
 * Level 2.6 Short Blades
 + Level 4.0 Bows
 + Level 1.4 Armour
 * Level 2.0 Dodging
 * Level 1.4 Stealth
 * Level 1.3 Spellcasting
 * Level 1.1 Invocations


You had 7 spell levels left.
You didn't know any spells.
Your spell library was empty.

Dungeon Overview and Level Annotations

Branches:
Dungeon (6/15)
 Temple: D:4-7

Altars:
Dithmenos
Elyvilon
Trog

Shops:
D:1 (

Annotations:
D:1 exclusion: downstairs


Innate Abilities, Weirdness & Mutations

You are completely covered in rugged brown scales. (AC +3, +7% HP)
You have supernaturally acute eyesight. (SInv)
Armour fits poorly on your strangely shaped body.
You can roll at nearby foes to attack.
You have a long armoured tail.


Message History

The orc priest is heavily wounded.
The orc priest closely misses you.
The orc warrior hits you with a +0 long sword.
You hit the orc priest.
The orc priest is severely wounded.
The orc priest barely misses you.
The orc warrior hits you but does no damage.
You closely miss the orc priest.
The orc priest is severely wounded.
The orc warrior hits you with a +0 long sword.
The orc priest hits you but does no damage.
You hit the orc priest.
The orc priest is severely wounded.
The orc warrior hits you but does no damage.
The orc priest hits you but does no damage.
You hit the orc priest but do no damage.
The orc priest is severely wounded.
The orc warrior barely misses you. The orc priest hits you with a +0 whip.
You closely miss the orc priest.
The orc priest is severely wounded.
The orc priest barely misses you.
The orc warrior hits you with a +0 long sword!
* * * LOW HITPOINT WARNING * * *
You hit the orc priest. You tail-slap the orc priest.
You kill the orc priest!
Dithmenos accepts your kill.
The orc warrior hits you with a +0 long sword.
* * * LOW HITPOINT WARNING * * *
You have reached level 6!
As you read the scroll of teleportation, it crumbles to dust.
You feel strangely unstable.
The orc warrior hits you with a +0 long sword.
* * * LOW HITPOINT WARNING * * *
Your surroundings suddenly seem different. 2 orc priests, an orc wizard and an orc come into view.
The orc priest shouts!
The orc wizard shouts!
The orc shouts!
The orc wizard hits you but does no damage.
The orc priest invokes the aid of Beogh against you.
You barely resist. The orc priest hits you with a +0 mace.
You die...

#+#######
#.....o.#
+..o.@..+
#...o...#
##..o##.#
#### .# .
.. .. ...


You could see 2 orc priests, an orc wizard and an orc.

Vanquished Creatures
  A necrophage (D:5)
  An orc priest (D:5)
  Terence (D:3)
  3 adders
  2 ufetubi
  An adder skeleton (D:4)
  4 dart slugs
  5 orcs
  5 bats
  12 endoplasms
  2 giant cockroaches
  4 goblins
  4 hobgoblins
  3 jackals (D:2)
  11 kobolds
  A quokka (D:4)
  11 ball pythons
  6 frilled lizards
  A quokka skeleton (D:4)
  4 rats (D:2)
82 creatures vanquished.

Notes
Turn   | Place    | Note
-------+----------+-------------------------------------------
     0 | D:1      | Acheron the Palentonga Hunter began the quest for the Orb.
     0 | D:1      | Reached XP level 1. HP: 17/17 MP: 1/1
     6 | D:1      | Noticed a swamp drake
     6 | D:1      | Noticed a black bear
     6 | D:1      | Noticed a snapping turtle
     6 | D:1      | Noticed a hound
    90 | D:1      | Found Bujamuu's Weapon Shop.
   217 | D:1      | Found a faded altar of an unknown god.
   252 | D:1      | Reached XP level 2. HP: 15/23 MP: 2/2
   873 | D:1      | Prayed at the altar of an unknown god.
   873 | D:1      | Became a worshipper of Dithmenos the Shadowed
   873 | D:1      | Reached * piety under Dithmenos
  1051 | D:1      | Reached XP level 3. HP: 28/28 MP: 3/3
  1767 | D:2      | Reached skill level 4 in Bows
  1972 | D:2      | Reached skill level 1 in Stealth
  2258 | D:2      | Reached ** piety under Dithmenos
  2609 | D:2      | Reached XP level 4. HP: 28/35 MP: 4/4
  2929 | D:3      | Noticed Terence
  2991 | D:3      | Killed Terence
  2992 | D:3      | Reached skill level 1 in Short Blades
  3387 | D:3      | Reached skill level 1 in Spellcasting
  3450 | D:3      | You fall into a shaft and drop 1 floor!
  3454 | D:4      | Found a white marble altar of Elyvilon.
  4088 | D:4      | Reached skill level 1 in Armour
  4092 | D:4      | Reached XP level 5. HP: 27/41 MP: 6/6
  4234 | D:4      | Found a bloodstained altar of Trog.
  4313 | D:5      | Entered Level 5 of the Dungeon
  4317 | D:5      | Noticed a necrophage
  4576 | D:5      | Killed a necrophage
  4577 | D:5      | Reached skill level 1 in Invocations
  4665 | D:6      | Noticed an orc warrior
  4666 | D:6      | Noticed an ogre
  4678 | D:5      | Reached XP level 6. HP: 6/49 MP: 8/8
  4686 | D:5      | Slain by an orc priest

Illustrated notes

Levels and vault maps discovered:
D:1:      onia_arrival_zoo_common, layout_basic,
          nicolae_ecumenical_snake_handling, serial_shops,
          nicolae_shop_competitors_out_of_business
D:2:      minmay_razor_zed, layout_basic
D:3:      layout_loops_cross, uniq_terence
D:4:      layout_basic, general_overflow_altar, mainiacjoe_overflow_alcove_1
D:5:      layout_gridville, mainiacjoe_overflow_paths, kennysheep_mini_moat,
          minmay_temple_entry_waves
D:6:      layout_loops_corners, st_stairs_12

Skill      XL: |  1  2  3  4  5 |
---------------+----------------+-----
Bows           | 4 |  4.0
Stealth        | 1 |  1.4
Short Blades   | 1 2 |  2.6
Spellcasting   | 1 |  1.3
Armour         | 1 |  1.4
Dodging        | 2 |  2.0
Invocations    | 1 |  1.1
Fighting       | |  2.7

Action                   |  1- 3 |  4- 6 || total
-------------------------+-------+-------++-------
Melee: Short sword       |   113 |    92 ||   205
       Tailslap          |     8 |     6 ||    14
 Fire: Shortbow          |    23 |       ||    23
  Use: Scroll            |     5 |     6 ||    11
 Stab: Sleeping          |     1 |       ||     1
Armor: Leather armour    |    35 |       ||    35
       Ring mail         |    24 |     8 ||    32
       Scale mail        |       |    36 ||    36
Dodge: Dodged            |    56 |    40 ||    96
